 Dungeon Crawl Stone Soup version 0.28.0-53-g5a82cb258f (webtiles) character file.

Game seed: 14758112357683702313

118 mcbry74 the Ducker (level 5, 0/35 HPs)
             Began as a Djinni Fire Elementalist on June 27, 2022.
             Slain by an orc
             ... wielding a +0 dagger
              (4 damage)
             ... on level 3 of the Dungeon.
             The game lasted 00:08:42 (2290 turns).

mcbry74 the Ducker (Djinni Fire Elementalist)       Turns: 2290, Time: 00:08:43

Health: 0/35       AC:  2    Str:  7    XL:     5   Next: 23%
Gold:   69         EV: 13    Int: 18    God:
                   SH:  0    Dex: 14

rFire   + + .      SeeInvis .   (no weapon)
rCold   x . .      Faith    .   (no shield)
rNeg    . . .      Spirit   .   a - +0 robe
rPois   ∞          Reflect  .   (no helmet)
rElec   .          Harm     .   (no cloak)
rCorr   .          Rampage  .   (no gloves)
Will    .....                   (boots unavailable)
Stlth   ++........              (no amulet)
HPRegen 0.11/turn               (no ring)
MPRegen 0.00/turn               (no ring)

@: flying
A: sickness immunity, fire resistance 2, cold vulnerability 1, float, innate
caster, HP casting, extra vitality 1
a: no special abilities


You were on level 3 of the Dungeon.
You visited 1 branch of the dungeon, and saw 3 of its levels.

You collected 69 gold pieces.

Inventory:

Armour
 a - a +0 robe (worn)
Wands
 i - a wand of flame (3)
Scrolls
 b - 2 scrolls of magic mapping {unknown}
 d - 2 scrolls of amnesia {unknown}
 g - a scroll of fear {unknown}
 j - a scroll of identify {unknown}
 k - a scroll of immolation {unknown}
Potions
 c - a potion of lignification {unknown}
 e - a potion of curing {unknown}
 f - a potion of ambrosia {unknown}
 h - a potion of cancellation {unknown}


   Skills:
 + Level 3.6 Dodging
 - Level 2.8 Stealth
 + Level 3.1 Spellcasting


You couldn't memorise any spells.
You knew the following spells:

 Your Spells              Type           Power      Damage    Failure   Level
a - Foxfire               Conj/Fire      56%        2x1d6     4%          1
b - Scorch                Fire           28%        2d6       7%          2
c - Conjure Flame         Conj/Fire      14%        6-21      13%         3
d - Inner Flame           Hex/Fire       14%        N/A       13%         3
e - Flame Wave            Conj/Fire      14%        2d6       41%         4
f - Sandblast             Erth           28%        2d8       4%          1
g - Passwall              Tmut/Erth      11%        N/A       7%          2
Your spell library was empty.

Dungeon Overview and Level Annotations

Branches:
Dungeon (3/15)

Altars:


Innate Abilities, Weirdness & Mutations

You are immune to sickness and miasma.
You are immune to poison.
Your flesh is very heat resistant. (rF++)
You are vulnerable to cold. (rC-)
You float through the air rather than walking.
You learn spells naturally, not from books.
Your magical power is your life essence.
You have superior vitality. (+4 MHP)


Message History

You conjure some foxfire!
The foxfire hits the orc.
The orc is moderately wounded.
The foxfire hits the orc.
The orc is severely wounded.
The orc priest calls down the wrath of Beogh upon you.
Beogh smites you!
Casting: Foxfire (safe; 4% risk of failure)
Confirm with . or Enter, or press ? or * to list all spells.
You conjure some foxfire!
The foxfire hits the orc.
The orc is severely wounded.
The orc barely misses you. The orc barely misses your foxfire.
The orc priest hits you from afar with a +0 trident.
The foxfire hits the orc but does no damage.
The orc is severely wounded.
The foxfire hits the orc but does no damage.
The orc is severely wounded.
The foxfire hits the orc.
The orc is almost dead.
The orc barely misses you. The orc priest misses you.
The orc wizard casts a spell.
The orc wizard flickers and vanishes!
Deactivating autopickup; reactivate with Ctrl-A.
Your magical contamination has completely faded away.
The orc wizard casts a spell at you.
You are confused.
You bump into the rock wall.
The orc hits you with a +1 hand axe of flaming.
The orc barely misses you.
You're too confused to move!
The orc hits you with a +0 dagger.
* * * LOW HITPOINT WARNING * * *
You hit the orc but do no damage. The orc priest misses you.
The orc hits you with a +1 hand axe of flaming.
* * * LOW HITPOINT WARNING * * *
The orc hits you with a +0 dagger.
* * * LOW HITPOINT WARNING * * *
You bump into the rock wall.
The orc barely misses you.
You bump into the rock wall.
You feel less confused. The orc hits you with a +0 dagger.
You die...

.....#.#.......#.##)..##....
.....#.#....................
.......#..######..........)#
........#.# #.......†...#
.?...#..#.###+##...........#
........#......#............
.........#.. #............
.......oo#######...........#
#.....>o.oo@.............#.
#)......####.......
#.......# ###.... #.......#
... ######### .


You could see an orc priest, an orc wizard and 3 orcs.

Vanquished Creatures
  Terence (D:2)
  3 adders
  2 worms (D:3)
  2 dart slugs (D:1)
  5 endoplasms
  A giant cockroach (D:2)
  5 goblins
  4 hobgoblins
  5 jackals (D:1)
  5 kobolds
  4 quokkas
  3 ball pythons
  3 bats
  5 frilled lizards
  6 rats
54 creatures vanquished.

Vanquished Creatures (others)
  173 foxfires
173 creatures vanquished.

Grand Total: 227 creatures vanquished

Notes
Turn   | Place    | Note
-------+----------+-------------------------------------------
     0 | D:1      | mcbry74 the Djinni Fire Elementalist began the quest for
                  | the Orb.
     0 | D:1      | Reached XP level 1. HP: 15/15 MP: 0/0
     2 | D:1      | Noticed a troll
     4 | D:1      | Noticed a felid
     4 | D:1      | Noticed a merfolk
     6 | D:1      | Noticed a gargoyle
     8 | D:1      | Noticed an ogre
    10 | D:1      | Noticed a human
    12 | D:1      | Noticed a naga
    12 | D:1      | Noticed a spriggan
    14 | D:1      | Noticed a demigod
    14 | D:1      | Noticed a demonspawn
    16 | D:1      | Noticed a formicid
    16 | D:1      | Noticed a vine stalker
    18 | D:1      | Noticed a vampire
    20 | D:1      | Noticed a draconian
    20 | D:1      | Noticed a dwarf
    22 | D:1      | Noticed an octopode
    22 | D:1      | Noticed a ghoul
    24 | D:1      | Noticed an elf
    24 | D:1      | Noticed a minotaur
    26 | D:1      | Noticed a tengu
   167 | D:1      | Reached XP level 2. HP: 17/21 MP: 0/0
   621 | D:1      | Reached XP level 3. HP: 15/25 MP: 0/0
   621 | D:1      | Learned a level 1 spell: Sandblast
  1381 | D:2      | Noticed Terence
  1392 | D:2      | Killed Terence
  1393 | D:2      | Reached XP level 4. HP: 9/31 MP: 0/0
  2063 | D:3      | Reached XP level 5. HP: 28/35 MP: 0/0
  2063 | D:3      | Learned a level 2 spell: Passwall
  2290 | D:3      | Slain by an orc

Illustrated notes

Levels and vault maps discovered:
D:1:      kb_arrival_jail, layout_rooms, roderic_roman_lattice
D:2:      layout_rooms, minmay_indecisive_spiral, uniq_terence
D:3:      layout_rooms, shapermc_ecumenical_altar_mp_vishouse

Skill      XL: |  1  2  3  4 |
---------------+-------------+-----
Stealth        | 2 |  2.8
Dodging        | 3 |  3.6
Spellcasting   | 3 |  3.1

Action                   |  1- 3 |  4- 6 || total
-------------------------+-------+-------++-------
Melee: Unarmed           |       |     1 ||     1
 Cast: Foxfire           |    56 |    40 ||    96
Armor: Robe              |       |     1 ||     1
Dodge: Dodged            |     8 |    12 ||    20
